 Dungeon Crawl Stone Soup version 0.31.0-11-ge490571c62 (webtiles) character file.

Game seed: 12022933435970399119

40 qw the Shooter (level 3, 0/18 HPs)
             Began as a Spriggan Hunter on Feb 4, 2024.
             Slain by a gnoll
             ... wielding a +0 flail
              (11 damage)
             ... on level 2 of the Dungeon.
             The game lasted 00:00:29 (1144 turns).

qw the Shooter (Spriggan Hunter)                    Turns: 1144, Time: 00:00:31

Health: 0/18       AC:  2    Str:  7    XL:     3   Next: 30%
Magic:  4/4        EV: 19    Int: 10    God:
Gold:   37         SH:  0    Dex: 20    Spells: 2/2 levels left

rFire   . . .        a - +0 shortbow (heavy)
rCold   . . .        (shield currently unavailable)
rNeg    . . .        c - +0 robe
rPois   .            (helmet restricted)
rElec   .            (no cloak)
rCorr   .            (gloves unavailable)
SInv    +            (boots unavailable)
Will    .....        d - amulet of regeneration
Stlth   ++           (no ring)
HPRegen 1.03/turn    (no ring)
MPRegen 0.09/turn

%: no passive effects
@: very quick
A: very small, no large weapons, unfitting armour, see invisible, speed 3
a: no special abilities


You were on level 2 of the Dungeon.
You visited 1 branch of the dungeon, and saw 2 of its levels.

You collected 37 gold pieces.


Innate Abilities, Weirdness & Mutations

You are very small and have problems with some larger weapons.
You are too small for most types of armour.
You have supernaturally acute eyesight. (SInv)
You cover ground extremely quickly. (Speed+++)


   Skills:
 - Level 1.5 Fighting
 + Level 4.6 Ranged Weapons
 - Level 4.1 Dodging
 - Level 1.5 Stealth


You had 2 spell levels left.
You didn't know any spells.
Your spell library was empty.

Inventory:

Hand Weapons
 a - a +0 heavy shortbow (weapon)
Armour
 c - a +0 robe (worn)
Jewellery
 d - an amulet of regeneration (around neck)
Scrolls
 b - 2 scrolls of identify
 f - a scroll of vulnerability {unknown}
 j - 2 scrolls of teleportation
Potions
 e - a potion of mutation
 i - a potion of heal wounds
 l - a potion of berserk rage {unknown}

Dungeon Overview and Level Annotations

Branches:
Dungeon (2/15)

Altars:


Message History

b - 2 scrolls of identify You now have 37 gold pieces (gained 7).
Found a potion of attraction.
You see here a rat corpse.
Found a stone staircase leading down.
There is a stone staircase leading down here.
f - a scroll labelled JOIN XAUZXUMP A gnoll comes into view.
It is wielding a +0 club.
The gnoll shouts!
A gnoll comes into view. It is wielding a +0 spear.
The gnoll moves out of view.
You shoot an arrow. The arrow closely misses the gnoll.
The gnoll shouts!
A gnoll comes into view. It is wielding a +0 flail.
Enter note:
Enter note:
Enter note:
Enter note:
1139 ||| RETREEEEATING.
Enter note:
Enter note:
1140 ||| RETREEEEATING.
You shoot an arrow. The arrow closely misses the gnoll.
Enter note:
Enter note: You shoot an arrow.
The gnoll shouts!
The arrow hits the gnoll.
The gnoll is heavily wounded.
The gnoll misses you.
You shoot an arrow. The arrow hits the gnoll!
You kill the gnoll!
The gnoll barely misses you.
The gnoll hits you from afar with a +0 spear!
Ouch! That really hurt!
You shoot an arrow.
The arrow hits the gnoll but does no damage.
The gnoll closely misses you. The gnoll hits you with a +0 flail!
Ouch! That really hurt!
You die...

.......!.###.###
.........#.....#
.........#.....#
.....)...#.....## .
.........#......# ###.g
................##...g.
###..............g.#
...)............)####..#
................@g....#
.##..................##
....................##
....................#
...........$........#
.##.............#####
.##.##...#..#.#.# .##.#
.##..#... ..#.# #


You could see 2 gnolls.

Vanquished Creatures
  A gnoll (D:2)
  4 dart slugs (D:1)
  A ball python (D:2)
  2 bats (D:1)
  An endoplasm (D:2)
  2 giant cockroaches
  3 goblins (D:2)
  3 hobgoblins (D:1)
  A frilled lizard (D:1)
  A kobold (D:1)
  2 rats
21 creatures vanquished.

Notes
Turn   | Place    | Note
-------+----------+-------------------------------------------
     0 | D:1      | qw the Spriggan Hunter began the quest for the Orb.
     0 | D:1      | Reached XP level 1. HP: 10/10 MP: 2/2
     0 | D:1      | 0 ||| qw: Version: 0.3-a-160-g6735b56
     0 | D:1      | 0 ||| qw: Game counter: 5864
     0 | D:1      | 0 ||| qw: Melee chars always use a shield: true
     0 | D:1      | 0 ||| qw: God list: Okawaru
     0 | D:1      | 0 ||| qw: Allow faded altars: false
     0 | D:1      | 0 ||| qw: Do Orc after clearing Dungeon:15 true
     0 | D:1      | 0 ||| qw: Do second Lair branch before Depths: true
     0 | D:1      | 0 ||| qw: Lair rune preference: random
     0 | D:1      | 0 ||| qw: Goals: Normal
     0 | D:1      | 0 ||| PLANNING D:1-11
    97 | D:1      | Reached skill level 3 in Dodging
   148 | D:1      | Reached XP level 2. HP: 14/14 MP: 3/3
   958 | D:1      | 958 ||| UPGRADING to amulet of regeneration.
   963 | D:1      | 963 ||| READING 3 scrolls labelled WYHEICWOSAG.
   963 | D:1      | 963 ||| IDENTIFYING smoky blue potion
   964 | D:1      | 964 ||| READING 2 scrolls of identify.
   964 | D:1      | 964 ||| IDENTIFYING murky cyan potion
   965 | D:1      | 965 ||| READING scroll of identify.
   965 | D:1      | 965 ||| IDENTIFYING fizzy red potion
   966 | D:1      | 966 ||| READING scroll labelled GUOT AMIMIUTS.
   967 | D:1      | 967 ||| READING 3 scrolls labelled YRRIRO ARETZU.
   970 | D:1      | 970 ||| READING scroll labelled AVAN PATOEW.
   970 | D:1      | 970 ||| BRANDING +0 shortbow.
   971 | D:1      | 971 ||| DROPPING scroll of butterflies.
   972 | D:1      | 972 ||| DROPPING potion of attraction.
  1086 | D:2      | Reached XP level 3. HP: 18/18 MP: 4/4
  1139 | D:2      | 1139 ||| RETREEEEATING.
  1140 | D:2      | 1140 ||| RETREEEEATING.
  1144 | D:2      | Slain by a gnoll

Levels and vault maps discovered:
D:1:      dpeg_arrival_arbitrary_c, layout_basic
D:2:      layout_rooms

Skill      XL: |  1  2 |
---------------+-------+-----
Dodging        | 3 4 |  4.1
Fighting       | |  1.5
Ranged Weapons | |  4.6
Stealth        | |  1.5

Action                     || total
---------------------------++-------
   Fire: Shortbow          ||    48
    Use: Scroll            ||     6
 Armour: Robe              ||     3
  Dodge: Dodged            ||    10

Table legend:
 A = Non-vault XP
 B = Vault XP
 C = Vault XP percentage of total XP
 D = Non-vault monster count
 E = Vault monster count
 F = Vault count percentage of total count
                 A         B        C        D         E       F
            +---------+---------+-------+---------+---------+-------
      Total |      58 |       0 |   0.0 |      21 |       0 |   0.0
            +---------+---------+-------+---------+---------+-------
        D:1 |      31 |       0 |   0.0 |      13 |       0 |   0.0
        D:2 |      27 |       0 |   0.0 |       8 |       0 |   0.0
            +---------+---------+-------+---------+---------+-------
